 Dungeon Crawl Stone Soup version 0.28-a0-773-g130ae17fe5 (webtiles) character file.

Game seed: 5172651028121091333

9 cheechan the Sneak (level 2, -1/28 HPs)
             Began as a Naga Delver on Nov 1, 2021.
             Killed by divine providence
             ... invoked by an orc priest
              (14 damage)
             ... on level 5 of the Dungeon.
             The game lasted 00:00:16 (64 turns).

cheechan the Sneak (Naga Delver)                      Turns: 64, Time: 00:00:17

Health: -1/28      AC:  2    Str: 14    XL:     2   Next: 16%
Magic:  2/2        EV:  9    Int: 10    God:
Gold:   6          SH:  0    Dex: 12    Spells: 1/1 levels left

rFire   . . .      SeeInvis +   a - +0 spear
rCold   . . .      Faith    .   (no shield)
rNeg    . . .      Spirit   .   b - +0 leather armour
rPois   +          Reflect  .   (no helmet)
rElec   .          Harm     .   (no cloak)
rCorr   .          Rampage  .   (no gloves)
Will    .....                   (no barding)
Stlth   +++.......              (no amulet)
HPRegen 0.09/turn               (no ring)
MPRegen 0.08/turn               (no ring)

@: very slow
A: AC +0, large, see invisible, deformed body, poison resistance, slowness 2,
spit poison 1, naga tail 1
a: Spit Poison


You were on level 5 of the Dungeon.
You visited 1 branch of the dungeon, and saw 1 of its levels.

You collected 6 gold pieces.

Inventory:

Hand Weapons
 a - a +0 spear (weapon)
Armour
 b - a +0 leather armour (worn)
Wands
 g - a wand of digging (3)
Scrolls
 c - a scroll of fog
 d - a scroll of magic mapping
 e - a scroll of fear
Potions
 f - a potion of haste


   Skills:
 + Level 3.0 Fighting
 + Level 2.0 Polearms
 + Level 1.6 Dodging
 + Level 7.8 Stealth


You had one spell level left.
You didn't know any spells.
Your spell library was empty.

Dungeon Overview and Level Annotations

Branches:
Dungeon (5/15)
 Temple: D:4-7

Altars:


Innate Abilities, Weirdness & Mutations

Your serpentine skin is tough. (AC +0)
You have supernaturally acute eyesight. (SInv)
Armour fits poorly on your strangely shaped body.
Your system is resistant to poisons. (rPois)
You cover ground very slowly.
You can spit poison.
You have a snake-like lower body.


Message History

Found 6 gold pieces.
You now have 6 gold pieces.
An adder comes into view.
A necrophage comes into view.
Abil: Spit Poison
Press: ? - help, Q - select action Shift-Dir - straight line, f - adder
Aim: an adder The splash of poison hits the adder.
The adder is heavily wounded.
Unknown command.
The adder bites you.
A white imp comes into view.
The adder bites you.
You are poisoned.
The adder poisons you!
The white imp moves out of view.
You hit the adder.
The adder is almost dead.
You feel sick. The adder bites you.
You hit the adder.
You kill the adder!
You have got your breath back.
You feel sick.
You have reached level 2!
You feel sick.
You feel sick.
You feel sick.
You are no longer poisoned.
An orc wizard comes into view. It is wielding a +0 dagger.
The orc wizard shouts!
You hear a shout!
An orc priest comes into view. It is wielding a +0 falchion.
An orc comes into view. It is wielding a +0 club.
An orc comes into view. It is wielding a +0 short sword.
The orc shouts!
The orc priest shouts!
You hear a shout!
An orc priest comes into view. It is wielding a +0 whip.
The orc wizard points at you and mumbles some strange words.
You resist with significant effort.
The orc priest calls down the wrath of Beogh upon you.
Beogh smites you!
Ouch! That really hurt!
You die...

##..........## ....
#...>........##...##.. o..
##...##..#...##...... ...
#...##............o##...
#...##..............#.# .
#..####...............##..
##### #.............o.....
##...##.......#...o.......
#.....##.......@o...#
##...........##..........
#............###.....#...
##....###.....##..##.# .
##....................
##..............######
##...#.........#
######..##.....
#..........


You could see 2 orc priests, an orc wizard and an orc.

Vanquished Creatures
  An adder (D:5)
1 creature vanquished.

Notes
Turn   | Place    | Note
-------+----------+-------------------------------------------
     0 | D:5      | cheechan the Naga Delver began the quest for the Orb.
     0 | D:5      | Reached XP level 1. HP: 21/21 MP: 1/1
    36 | D:5      | Noticed a necrophage
    47 | D:5      | Reached XP level 2. HP: 13/28 MP: 2/2
    64 | D:5      | Killed from afar by an orc priest

Illustrated notes

Levels and vault maps discovered:
D:5:      layout_cave_pools, minmay_checkerbox

Action                   || total
-------------------------++-------
Melee: Spear             ||     2
 Abil: Spit Poison       ||     1

Table legend: (Time is in decaauts)
 A = Elapsed time spent in this place.
 B = Non-inter-level travel time spent in this place.
 C = Inter-level travel time spent in this place.
 D = Time resting spent in this place.
 E = Time spent auto-exploring this place.
 F = Levels seen in this place.
 G = Mean time per level.
                   A        B        C        D        E       F      G
               +--------+--------+--------+--------+--------+-----+--------+
         Total |     88 |     88 |      0 |      0 |      0 |   1 |   88.0 |
       Dungeon |     88 |     88 |      0 |      0 |      0 |   1 |   88.0 |
               +--------+--------+--------+--------+--------+-----+--------+

Top non-repeatable levels by time:
     D:5: 88 daAuts
